 Dungeon Crawl Stone Soup version 0.32-a0-859-gb0a091d592 (webtiles) character file.

Game seed: 1099429091101936638

202327 osuadh the Executioner (level 17, -2/161 HPs)
             Began as a Mountain Dwarf Berserker on Mar 27, 2024.
             Was a High Priest of Trog.
             Slain by Aizul (6 damage)
             ... on level 2 of the Snake Pit on Mar 28, 2024.
             The game lasted 01:16:45 (43347 turns).

osuadh the Executioner (Mountain Dwarf Berserker)  Turns: 43347, Time: 01:16:46

Health: -2/161     AC: 34    Str: 26    XL:     17   Next: 94%
Magic:  0/17       EV:  7    Int: 10    God:    Trog [*****.]
Gold:   2681       SH:  0    Dex:  9    Spells: 16/16 levels left

rFire   . . .        U - +3 executioner's axe (flame)
rCold   . . .        (shield currently unavailable)
rNeg    . . .        B - +1 plate armour {Will+}
rPois   +            H - +2 hat
rElec   .            j - +1 cloak {rPois}
rCorr   .            F - +2 pair of gloves
SInv    .            W - +1 pair of boots
Will    +++++        x - amulet of guardian spirit Stlth
                     I - ring of willpower
HPRegen 1.46/turn    V - +4 ring of protection
MPRegen 0.15/turn

%: guardian spirit
@: lethally poisoned (-2 -> -39), strong-willed, on berserk cooldown,
regenerating, slowed, very slow
A: runic magic, artefact enchanting
}: 1/15 runes: decaying
a: Renounce Religion, Berserk, Trog's Hand, Brothers in Arms


You were on level 2 of the Snake Pit.
You worshipped Trog.
Trog was extremely pleased with you.
You visited 5 branches of the dungeon, and saw 29 of its levels.
You also visited: Ossuary.

You collected 2984 gold pieces.
You spent 303 gold pieces at shops.

Inventory:

Hand Weapons
 f - a +1 antimagic executioner's axe
 h - a +1 demon whip of venom
 R - a +4 antimagic battleaxe
 T - a +6 battleaxe
 U - a +3 executioner's axe of flaming (weapon)
Armour
 j - a +1 cloak of poison resistance (worn)
 B - a +1 plate armour of willpower (worn)
 F - a +2 pair of gloves (worn)
 H - a +2 hat (worn)
 S - a +1 plate armour of cold resistance
 W - a +1 pair of boots (worn)
 Z - the +1 cloak of Least Resistance {rC+ Regen+ Str-5}
   (You found it on level 1 of the Swamp)

   Str-5:     It affects your strength (-5).
   rC+:       It protects you from cold.
   Regen+:    It increases your rate of health regeneration.
Jewellery
 n - a ring of positive energy
 x - an amulet of guardian spirit (around neck)
 y - a +6 ring of intelligence
 I - a ring of willpower (left hand)
 L - a ring of ice
 N - a ring of see invisible
 V - a +4 ring of protection (right hand)
Wands
 a - a wand of quicksilver (24)
 o - a wand of mindburst (28)
 v - a wand of flame (69)
 z - a wand of warping (39)
 K - a wand of polymorph (16)
 O - a wand of paralysis (15)
Scrolls
 d - 6 scrolls of teleportation
 g - 6 scrolls of vulnerability
 m - a scroll of enchant armour
 t - 4 scrolls of blinking
 A - 2 scrolls of immolation
 D - 3 scrolls of fog
 G - 4 scrolls of revelation
 J - 15 scrolls of identify
 M - 3 scrolls of poison
 P - 2 scrolls of fear
 X - 3 scrolls of enchant weapon
 Y - 2 scrolls of brand weapon
Potions
 b - 8 potions of haste
 c - 5 potions of heal wounds
 i - 4 potions of attraction
 k - 14 potions of curing
 l - a potion of ambrosia
 p - 5 potions of enlightenment
 q - 2 potions of cancellation
 r - 2 potions of magic
 s - 6 potions of might
 u - a potion of mutation
 w - 5 potions of lignification
 C - 2 potions of resistance
 Q - 4 potions of invisibility


   Skills:
 - Level 17.3 Fighting
 - Level 26.0 Axes
 - Level 17.1 Armour
 - Level 1.3 Dodging
 + Level 11.9 Evocations


You had 16 spell levels left.
You didn't know any spells.
Your spell library was empty.

Dungeon Overview and Level Annotations

Branches:
Dungeon (15/15)            Temple (0/1) D:6            Lair (5/5) D:10
  Swamp (4/4) Lair:3        Snake (3/4) Lair:2        Slime (0/5) Lair:5
    Orc (2/2) D:10            Elf (0/3) Orc:2        Vaults (0/5) D:13
 Depths (0/4) D:15        Ossuary (visited)

Altars:
Cheibriados
Dithmenos
Elyvilon
Gozag
Kikubaaqudgha
Makhleb
Okawaru
Ru
Sif Muna
Trog
Uskayaw
Wu Jian
Xom
The Shining One
Beogh
Jiyva

Shops:
D:3 !   D:9 [*:=?   D:11 *   D:13 ([:[(   Orc:2 *(:   Snake:3 ?

Portals:
Trove: D:14 (lose all piety)

Annotations:
D:5 2 transporters, BMASTER576's ghost, amateur DjBe
Snake:2 Aizul


Innate Abilities, Weirdness & Mutations

Your spellcasting is much less encumbered by armour.
You can use scrolls of enchantment on lesser artefacts.


Message History

You are exhausted.
You feel yourself slow down.
You feel sick.
You barely miss Aizul.
Aizul is almost dead.
You feel very sick. Aizul hits you but does no damage.
Aizul casts a spell at you. The poison arrow hits you!
You are more poisoned.
You partially resist.
Your troll goes berserk!
You feel extremely sick. Aizul casts a spell at you.
The bolt of poison hits you. You resist. Aizul casts a spell at you.
The poison arrow hits you.
You are more poisoned.
* * * LOW HITPOINT WARNING * * *
Your skin crawls.
You feel strong-willed.
You feel extremely sick.
Aizul yawns, and then pretends she didn't.
Aizul casts a spell at you. The bolt of poison hits you!
You are more poisoned.
You resist.
* * * LOW HITPOINT WARNING * * *
Aizul hits you but does no damage.
You barely miss Aizul.
Aizul is almost dead.
* * * LOW HITPOINT WARNING * * *
You feel extremely sick.
Aizul coils herself and waves her upper body at you.
The poison arrow hits you!!
You are more poisoned.
You partially resist.
* * * LOW HITPOINT WARNING * * *
Your troll bites Aizul.
Your troll barely misses Aizul.
Your troll completely misses Aizul.
Aizul hits you!
You die...

#.##############..######........
#..############....####..^......
#........................#''#...
##.....###..........###.....'...
##.......#..........## #..#..#...
#...................####..#..#...
#......<.....[......'.....#..#...
#>..........÷÷......'.....#..##..
#...............@...#........###.
#........##....ST...#..####### ##
##......####........#..# #
#........###'########..# #
#...[.....##.# #..# ########
#.........##.# #..# #.......
#....>)...##.# #..# #.######
#.....÷...##.# #..# #.# #
#.........##.# #####..###.# #


You could see Aizul (ally target) and a friendly troll (summoned, berserk).

Vanquished Creatures
  Vashnia (Snake:3)
  Gastronok (D:12)
  Frances (D:12)
  A fenstrider witch (Swamp:4)
  A frost giant (D:15)
  Louise (Swamp:3)
  An orc warlord (Orc:2)
  6 eleionomae
  3 bunyips
  Josephine (Orc:2)
  A shambling mangrove (Swamp:4)
  Fannar (D:10)
  An ice dragon (Lair:3)
  4 vault guards (D:13)
  12 hydras
  11 anacondas
  4 catoblepae
  3 ogre magi
  7 alligators
  3 centaur warriors (D:15)
  13 two-headed ogres
  6 boulder beetles
  5 death yaks (Lair:5)
  3 tengu warriors (D:15)
  6 orc high priests
  10 naga sharpshooters
  5 naga warriors
  A spriggan berserker (Swamp:4)
  7 shock serpents
  Amaemon (Lair:2)
  2 skysharks (Lair:2)
  A deep elf knight (D:13)
  4 spriggans
  A salamander mystic (Snake:2)
  A fire crab (Lair:4)
  11 swamp dragons
  5 spriggan druids
  6 mana vipers
  2 goliath frogs (Swamp:1)
  An arcanist (D:14)
  A deep elf pyromancer (D:12)
  4 bog bodies
  6 naga ritualists
  4 obsidian bats
  6 orc knights
  11 ugly things (D:14)
  10 salamanders
  A will-o-the-wisp (Swamp:4)
  6 orc sorcerers
  An oklob plant (D:10)
  7 manticores
  16 elephants
  5 cyclopes
  Maurice (D:7)
  5 kobold blastminers (Orc:2)
  2 guardian serpents
  29 black mambas
  2 gargoyles
  4 cane toads
  11 naga magi
  Joseph (D:9)
  An orange demon (Lair:2)
  5 komodo dragons
  2 rime drakes
  Psyche (D:10)
  An unseen horror (D:12)
  An efreet (D:13)
  6 tengu conjurers
  A yaktaur (D:13)
  A guardian mummy (D:14)
  A bloated husk (Swamp:1)
  10 hornets
  A troll (Orc:2)
  Prince Ribbit (D:5)
  38 blink frogs
  2 polar bears (Lair:4)
  9 tyrant leeches
  22 slime creatures
  5 shadows
  6 wraiths
  A vampire (D:12)
  A water elemental (D:13)
  70 yaks
  3 wyverns
  3 humans (D:13)
  3 wargs
  5 basilisks
  A steam dragon (D:9)
  10 vampire mosquitoes
  Menkaure (D:7)
  23 nagas
  12 swamp worms
  An acid dragon (D:11)
  Duvessa (D:7)
  38 orc warriors
  13 water moccasins
  11 swamp drakes
  2 ice beasts
  2 sky beasts
  15 ogres
  3 black bears
  12 wolves
  8 centaurs
  5 elf zombies (Ossuary)
  11 bullfrogs
  3 kobold brigands
  Blork the orc (D:6)
  4 scorpions
  6 wights
  14 killer bees
  Dowan (D:7)
  4 howler monkeys
  2 vampire bats (D:10)
  A bombardier beetle (D:4)
  A centaur zombie (Ossuary)
  5 hounds
  A jelly (D:7)
  31 orc priests
  A human zombie (Ossuary)
  Natasha (thrice) (D:2)
  4 iguanas
  18 orc wizards
  Ijyb (D:4)
  2 crocodile zombies (Ossuary)
  A boggart simulacrum (D:14)
  5 mummies
  A gnoll (D:5)
  7 adders
  4 hound simulacra (Ossuary)
  3 shadow imps
  3 spectral adders (Ossuary)
  5 spectral gnolls (Ossuary)
  An adder simulacrum (Ossuary)
  2 dart slugs (D:3)
  3 ribbon worms
  95 orcs
  2 bat skeletons (D:10)
  3 bat zombies (D:10)
  6 endoplasms
  3 giant cockroaches
  9 goblins
  9 hobgoblins
  7 jackals (D:2)
  5 quokkas
  6 ball pythons
  2 bats (D:1)
  4 frilled lizards
  3 gnoll simulacra (Ossuary)
  4 gnoll zombies (Ossuary)
  2 hobgoblin zombies (D:7)
  2 jackal simulacra (Ossuary)
  16 kobolds
  8 kobold zombies (Ossuary)
  4 orc zombies (Ossuary)
  5 rats
  2 spectral jackals (Ossuary)
992 creatures vanquished.

Vanquished Creatures (collateral kills)
  A thorn hunter (Swamp:4)
  A shambling mangrove (Swamp:4)
  A hydra (Swamp:4)
  Urug (D:10)
  Sonja (Lair:4)
  3 swamp dragons (Swamp:4)
  A bog body (Swamp:4)
  A cane toad (Lair:4)
  A hornet (Swamp:4)
  A warg (D:15)
  An acid dragon (D:10)
13 creatures vanquished.

Vanquished Creatures (others)
  A naga mage (Snake:1)
  6 bloated husks
  A hornet (Swamp:4)
  2 orc priests
  An iguana (D:6)
  An orc (Orc:2)
  2 foxfires (Swamp:4)
14 creatures vanquished.

Grand Total: 1019 creatures vanquished

Notes
Turn   | Place    | Note
-------+----------+-------------------------------------------
     0 | D:1      | osuadh the Mountain Dwarf Berserker began the quest for the
                  | Orb.
     0 | D:1      | Reached XP level 1. HP: 19/19 MP: 1/1
    97 | D:1      | Reached skill level 4 in Axes
   209 | D:1      | Reached XP level 2. HP: 26/26 MP: 2/2
   869 | D:1      | Reached skill level 5 in Axes
  1071 | D:2      | Reached ** piety under Trog
  1137 | D:2      | Reached XP level 3. HP: 13/31 MP: 3/3
  1209 | D:2      | Noticed Natasha
  1225 | D:2      | Killed Natasha
  1326 | D:2      | Identified the +1 mace of Ash {spect, rElec rF+}
  1479 | D:2      | Reached XP level 4. HP: 37/38 MP: 4/4
  1517 | D:2      | Found a shadowy altar of Dithmenos.
  1632 | D:2      | Found a faded altar of an unknown god.
  1637 | D:2      | Reached skill level 6 in Axes
  2046 | D:2      | Noticed Natasha
  2060 | D:2      | Killed Natasha
  2255 | D:2      | Noticed Natasha
  2264 | D:2      | Killed Natasha
  2287 | D:3      | Noticed a scorpion
  2293 | D:3      | Killed a scorpion
  2294 | D:3      | Reached skill level 7 in Axes
  2294 | D:3      | Reached XP level 5. HP: 45/45 MP: 5/5
  2836 | D:3      | Reached skill level 8 in Axes
  2836 | D:3      | Found Rorali's Distillery.
  2850 | D:3      | Bought a potion of curing for 33 gold pieces
  3001 | D:4      | Reached XP level 6. HP: 41/51 MP: 6/6
  3119 | D:4      | Found a burning altar of Makhleb.
  3155 | D:4      | Noticed Ijyb
  3183 | D:4      | Killed Ijyb
  3696 | D:5      | Entered Level 5 of the Dungeon
  3721 | D:5      | Reached skill level 9 in Axes
  3787 | D:5      | Reached *** piety under Trog
  3851 | D:5      | Found a snail-covered altar of Cheibriados.
  3888 | D:5      | Noticed Prince Ribbit
  3911 | D:5      | Killed Prince Ribbit
  3912 | D:5      | Reached skill level 10 in Axes
  3912 | D:5      | Reached XP level 7. HP: 57/57 MP: 7/7
  3961 | D:5      | Found a transporter.
  4097 | D:5      | Reached skill level 11 in Axes
  4123 | D:5      | Found a transporter.
  4128 | D:5      | Noticed BMASTER576's ghost (amateur DjBe)
  4173 | D:5      | HP: 2/85 [ogre/+0 giant club (17)]
  4488 | D:5      | Reached XP level 8. HP: 53/63 MP: 8/8
  4631 | D:6      | Reached skill level 12 in Axes
  5133 | D:6      | Reached skill level 13 in Axes
  5211 | D:6      | Found an ornate altar of the Wu Jian Council.
  5315 | D:6      | Noticed Blork the orc
  5322 | D:6      | Killed Blork the orc
  5480 | D:6      | Found a staircase to the Ecumenical Temple.
  5672 | D:7      | Noticed Menkaure
  5727 | D:7      | Killed Menkaure
  5728 | D:7      | Reached skill level 14 in Axes
  5773 | D:7      | Noticed Duvessa
  5781 | D:7      | Noticed Dowan
  5794 | D:7      | Killed Duvessa
  5795 | D:7      | Reached XP level 9. HP: 44/70 MP: 4/9
  5796 | D:7      | Killed Dowan
  5836 | D:7      | Found a sand-covered staircase.
  5936 | Ossuary  | Entered an ossuary
  5997 | Ossuary  | Reached **** piety under Trog
  6165 | Ossuary  | Reached skill level 15 in Axes
  6726 | D:7      | Found an iron altar of Okawaru.
  6727 | D:7      | Found an opulent altar of Gozag.
  6794 | D:7      | Found a sacrificial altar of Ru.
  6964 | D:7      | Found a shimmering altar of Xom.
  6981 | D:7      | Reached skill level 16 in Axes
  7038 | D:7      | Noticed Maurice
  7054 | D:7      | Something stole a +5 battleaxe
  7056 | D:7      | Something stole 267 gold
  7058 | D:7      | Something stole 54 gold
  7064 | D:7      | Killed Maurice
  7183 | D:7      | Found a shimmering blue altar of Sif Muna.
  7789 | D:8      | Reached skill level 17 in Axes
  7809 | D:8      | Reached XP level 10. HP: 50/77 MP: 8/10
  8232 | D:8      | Found a glowing golden altar of the Shining One.
  8238 | D:8      | Found a hide-covered altar of Uskayaw.
  8290 | D:8      | Reached ***** piety under Trog
  8683 | D:8      | Reached skill level 18 in Axes
  8778 | D:8      | Noticed a two-headed ogre
  8791 | D:8      | Killed a two-headed ogre
  9595 | D:9      | Found a bloodstained altar of Trog.
  9850 | D:9      | Noticed Joseph
  9867 | D:9      | Killed Joseph
  9868 | D:9      | Reached skill level 19 in Axes
  9958 | D:9      | Found Ryimu's Magic Scroll Emporium.
  9977 | D:9      | Bought a scroll of identify for 22 gold pieces
  9977 | D:9      | Bought a scroll of identify for 22 gold pieces
 10131 | D:9      | Found Vofiow's General Store.
 10140 | D:9      | Bought a scroll of revelation for 90 gold pieces
 10278 | D:9      | Found Zout's Book Boutique.
 10310 | D:9      | Found Munoytom's Antique Armour Shop.
 10512 | D:9      | Found Huall's Jewellery Boutique.
 10778 | D:10     | Entered Level 10 of the Dungeon
 10778 | D:10     | Noticed Urug
 10847 | D:10     | Found a staircase to the Lair.
 10914 | D:10     | Noticed Psyche
 10927 | D:10     | Killed Psyche
 10936 | D:10     | Killed Urug
 10937 | D:10     | Reached XP level 11. HP: 66/82 MP: 9/11
 11020 | D:10     | Noticed an oklob plant
 11026 | D:10     | Killed an oklob plant
 11027 | D:10     | Reached skill level 20 in Axes
 11107 | D:10     | Noticed Fannar
 11123 | D:10     | Killed Fannar
 11263 | D:10     | Found an ancient bone altar of Kikubaaqudgha.
 11346 | D:10     | Found a white marble altar of Elyvilon.
 11660 | D:10     | Noticed a two-headed ogre
 11687 | D:10     | Killed a two-headed ogre
 11887 | D:10     | Found a staircase to the Orcish Mines.
 12018 | D:11     | Noticed a two-headed ogre
 12025 | D:11     | Killed a two-headed ogre
 12407 | D:11     | Noticed a boulder beetle
 12408 | D:11     | Identified the +4 trident of the Dowdy God {vamp, rN+
                  | rCorr}
 12409 | D:11     | Found Duqyxot's Pet Rocks.
 12434 | D:11     | Killed a boulder beetle
 12449 | D:11     | Reached skill level 5 in Fighting
 12711 | D:11     | Reached skill level 5 in Armour
 12800 | D:12     | Noticed Gastronok
 12829 | D:12     | Killed Gastronok
 13044 | D:12     | Noticed a deep elf pyromancer
 13055 | D:12     | Killed a deep elf pyromancer
 13101 | D:12     | Noticed Frances
 13103 | D:12     | Noticed a two-headed ogre
 13126 | D:12     | Killed a two-headed ogre
 13127 | D:12     | Reached XP level 12. HP: 100/100 MP: 7/12
 13136 | D:12     | Killed Frances
 13443 | D:12     | Noticed a two-headed ogre
 13447 | D:12     | Killed a two-headed ogre
 13883 | D:12     | Noticed a boulder beetle
 13907 | D:12     | Killed a boulder beetle
 14603 | Lair:1   | Entered Level 1 of the Lair of Beasts
 15123 | Lair:1   | Reached skill level 10 in Fighting
 15142 | Lair:1   | Reached skill level 10 in Armour
 15552 | Lair:1   | Reached XP level 13. HP: 74/115 MP: 9/13
 16268 | Lair:2   | Noticed Amaemon
 16283 | Lair:2   | Killed Amaemon
 16365 | Lair:2   | Found a staircase to the Snake Pit.
 16377 | Lair:2   | Received a gift from Trog
 17515 | Lair:3   | Found a staircase to the Swamp.
 18528 | Lair:4   | Noticed Sonja
 18541 | Lair:4   | Killed Sonja
 19241 | Lair:4   | Reached XP level 14. HP: 130/130 MP: 14/14
 20127 | Lair:5   | Entered Level 5 of the Lair of Beasts
 21135 | Lair:5   | Found a staircase to the Slime Pits.
 21135 | Lair:5   | Found a viscous altar of Jiyva.
 21488 | Lair:5   | Received a gift from Trog
 21841 | Lair:5   | Reached skill level 15 in Fighting
 22024 | Lair:5   | Reached skill level 15 in Armour
 22562 | Orc:1    | Entered Level 1 of the Orcish Mines
 22743 | Orc:2    | Entered Level 2 of the Orcish Mines
 22815 | Orc:2    | Received a gift from Trog
 23432 | Orc:2    | Reached skill level 21 in Axes
 23530 | Orc:2    | Found Exoupynt's General Store.
 23675 | Orc:2    | Found a roughly hewn altar of Beogh.
 23915 | Orc:2    | Found Leru's Weapon Shoppe.
 24447 | Orc:2    | Reached XP level 15. HP: 118/141 MP: 13/15
 24849 | Orc:2    | Noticed Josephine
 24865 | Orc:2    | Killed Josephine
 24865 | Orc:2    | Received a gift from Trog
 24866 | Orc:2    | Reached skill level 22 in Axes
 25125 | Orc:2    | Found a staircase to the Elven Halls.
 25343 | Orc:2    | Found Asopra Zoll's Book Shoppe.
 25519 | Orc:2    | Found Woostoy's Antique Weapon Emporium.
 25808 | Orc:2    | Found a roughly hewn altar of Beogh.
 26720 | D:13     | Found Zofy's Armour Shoppe.
 26772 | D:13     | Received a gift from Trog
 26858 | D:13     | Found Leapo's Book Boutique.
 26934 | D:13     | Found Qitto's Weapon Shoppe.
 26935 | D:13     | Found Unionk's Armour Shop.
 27135 | D:13     | Reached skill level 23 in Axes
 27216 | D:13     | Found a gate to the Vaults.
 27629 | D:13     | Found Gamoneun's Antique Weapon Shop.
 28530 | D:14     | Reached skill level 24 in Axes
 28796 | D:14     | Found a portal to a secret trove of treasure.
 29230 | D:14     | Reached ****** piety under Trog
 29790 | D:15     | Entered Level 15 of the Dungeon
 30014 | D:15     | HP: 5/141 [manticore (7)]
 30497 | D:15     | Reached XP level 16. HP: 144/149 MP: 14/16
 30511 | D:15     | Received a gift from Trog
 30512 | D:15     | Reached skill level 25 in Axes
 31143 | D:15     | Found a staircase to the Depths.
 31715 | Swamp:1  | Entered Level 1 of the Swamp
 31880 | Swamp:1  | Identified the serpent talisman "Foos" {rF+ SInv Stlth+}
 31889 | Swamp:1  | Found the +8 Vampire's Tooth {megavamp}
 32038 | Swamp:1  | Identified the +1 cloak of Least Resistance {rC+ Regen+
                  | Str-5}
 32147 | Swamp:1  | Identified the +1 robe of the Alphagorgon {rF+ Str+4 Int+4}
 32265 | Swamp:1  | HP: 2/223 [swamp worm/harpoon shot (17)]
 32688 | Swamp:1  | Reached skill level 26 in Axes
 33009 | Swamp:1  | Upgraded the game from 0.32-a0-841-g4648e6c457 to
                  | 0.32-a0-859-gb0a091d592
 33965 | Swamp:3  | Noticed Louise
 33986 | Swamp:3  | Killed Louise
 34651 | Swamp:4  | Entered Level 4 of the Swamp
 35365 | Swamp:4  | Received a gift from Trog
 35679 | Swamp:4  | Noticed a thorn hunter
 35748 | Swamp:4  | Killed a thorn hunter
 35828 | Swamp:4  | Reached XP level 17. HP: 29/161 MP: 10/17
 36382 | Swamp:4  | Got a decaying rune of Zot
 36523 | Snake:1  | Entered Level 1 of the Snake Pit
 36998 | Snake:1  | Reached skill level 1 in Evocations
 38411 | Snake:2  | Reached skill level 5 in Evocations
 39384 | Snake:2  | Received a gift from Trog
 41121 | Snake:3  | Noticed Vashnia
 41133 | Snake:3  | Reached skill level 10 in Evocations
 41722 | Snake:3  | Killed Vashnia
 41999 | Snake:3  | Identified the +11 triple sword of the Brain {heavy, rPois
                  | rN+} (Trog gifted it to you on level 3 of the Snake Pit)
 41999 | Snake:3  | Received a gift from Trog
 42602 | Snake:3  | Found Xadilemadd's Magic Scroll Shoppe.
 42605 | Snake:3  | Bought a scroll of blinking for 97 gold pieces
 42605 | Snake:3  | Bought a scroll of teleportation for 39 gold pieces
 43320 | Snake:3  | Identified the serpent talisman "Fakixzaw" {+Blink rCorr
                  | Str+8 Stlth+}
 43320 | Snake:3  | Noticed Aizul
 43347 | Snake:2  | HP: 4/161 [Aizul/poison arrow (16)]
 43347 | Snake:2  | Slain by Aizul

Illustrated notes

Levels and vault maps discovered:
D:1:      nzn_arrival_water_spiral, layout_loops_corners, serial_park_tiny_pond,
          nrook_mini_backslash, moated_statue
D:2:      layout_basic, basic_altar, nicolae_ecumenical_oubliette, uniq_natasha
D:3:      layout_rooms, serial_shops, nicolae_shop_industrial_runoff
D:4:      layout_loops_ring, bloody_makhleb, uniq_ijyb
D:5:      layout_cave_pools, mainiacjoe_overflow_alcove_2,
          gammafunk_ghost_stat_death, minmay_misc_feat_chi,
          cheibrodos_gnoll_hut, uniq_prince_ribbit1
D:6:      layout_basic, kennysheep_mini, lemuel_temple_firewalk_b,
          uniq_blork_the_orc
D:7:      layout_cave_pools, led_sif_pool, nicolae_ru_path_of_blood,
          general_overflow_altar, chequers_temple_overflow_statue_of_worship,
          nicolae_ossuary_entry_giza, minmay_misc_feat_square,
          grunt_decor_junction, minmay_misc_feat_cross,
          nicolae_figureground_pulse, uniq_menkaure, uniq_duvessa, uniq_maurice
D:8:      layout_layer_cave, grunt_temple_overflow_open
D:9:      layout_layer_cave, mainiacjoe_overflow_tiny_flanked, serial_shops,
          nicolae_shop_just_a_little_nook, nicolae_shop_rolling_square,
          nicolae_inconvenience_store, shop, shop_statue, uniq_joseph
D:10:     layout_cave_pools, kennysheep_vampire_church, elyvilon_altar_1,
          dpeg_oklobed_lair, erik_orc_1, uniq_psyche, uniq_urug, uniq_fannar
D:11:     layout_roguey, guppyfry_shop_earth
D:12:     layout_small_grid, grunt_ministairs_13, uniq_frances, uniq_gastronok
D:13:     layout_cave_pods, grunt_vaults_entry_fortified, serial_shops, shop,
          shop, shop, shop, nicolae_shop_hallway_stairs, kennysheep_small_spiral
D:14:     layout_stronghold, nicolae_trove_entry_path_of_doom
D:15:     grunt_enter_depths_snipers, layout_loops_ring,
          hangedman_decor_riveting
Lair:1:   layout_loops_ring
Lair:2:   layout_hall_layers, minmay_snake_entry_guardpost_small,
          lemuel_fruit_tree, uniq_amaemon
Lair:3:   dragon1_lemuel, layout_gridlike, swamp_mist, grunt_megastairs_4
Lair:4:   layout_cave_pods, grunt_megastairs_1, lemuel_fruit_fields, uniq_sonja
Lair:5:   evilmike_catoblepas_cave, layout_gridlike, slime_entry_1, minivault_25
Swamp:1:  layout_basic_swamp, infiniplex_staircase_pool
Swamp:2:  layout_basic_swamp, evilmike_swamp_ruin_house_5, swamp_pool_5,
          infiniplex_staircase_pool_2
Swamp:3:  layout_basic_swamp, nicolae_swamp_ascending_descending,
          nicolae_swamp_feature_on_the_river_bank, nicolae_swamp_long_stream,
          uniq_louise
Swamp:4:  swamp_basic_johnstein, layout_basic_swamp, swamp_pool_4
Snake:1:  layout_cave_shapes
Snake:2:  layout_gridlike, nicolae_snake_gridmaze_swirls, drop_trap,
          nicolae_snake_guarding_the_ruins
Snake:3:  layout_layer_cave, serial_shops, nicolae_shop_rolled_up, st_stairs_4,
          uniq_aizul, uniq_vashnia
Orc:1:    layout_caves
Orc:2:    pubby_orc_utopia, uniq_josephine

Skill      XL: |  1  2  3  4  5  6  7  8  9 10 11 12 13 14 15 16 17 |
---------------+----------------------------------------------------+-----
Axes           | 4 5 7 8 10 11 14 17 19 20 21 24 26 | 26.0
Fighting       | 7 10 13 15 17 | 17.3
Armour         | 6 10 13 15 16 17 | 17.1
Evocations     | 11 | 11.9
Dodging        | |  1.3

Action                     |  1- 3 |  4- 6 |  7- 9 | 10-12 | 13-15 | 16-18 || total
---------------------------+-------+-------+-------+-------+-------+-------++-------
  Melee: Hand axe          |   118 |   139 |       |       |       |       ||   257
         War axe           |       |    73 |   394 |   272 |       |       ||   739
         Battleaxe         |       |       |       |   339 |  1062 |       ||  1401
         Demon whip        |       |       |       |       |    19 |       ||    19
         Executioner's axe |       |       |       |       |   137 |   846 ||   983
 Invoke: Berserk           |     2 |     2 |     5 |    10 |     7 |     6 ||    32
         Brothers in Arms  |       |       |       |     2 |     4 |     4 ||    10
         Trog's Hand       |       |       |       |       |     2 |     5 ||     7
  Evoke: Wand              |       |       |       |       |     4 |     2 ||     6
    Use: Scroll            |       |       |    19 |     4 |     6 |     8 ||    37
         Potion            |       |       |       |       |       |     2 ||     2
 Armour: Animal skin       |    22 |       |       |       |       |       ||    22
         Chain mail        |    51 |   138 |   245 |   402 |   582 |       ||  1418
         Plate armour      |       |       |       |       |   574 |  1035 ||  1609
  Dodge: Dodged            |    59 |    74 |   118 |   157 |   390 |   230 ||  1028

Table legend: (Time is in decaauts)
 A = Elapsed time spent in this place.
 B = Non-inter-level travel time spent in this place.
 C = Inter-level travel time spent in this place.
 D = Time resting spent in this place.
 E = Time spent auto-exploring this place.
 F = Levels seen in this place.
 G = Mean time per level.
                   A        B        C        D        E       F      G
               +--------+--------+--------+--------+--------+-----+--------+
         Total |  43054 |  41064 |   1990 |  10996 |  23100 |  30 | 1435.1 |
       Dungeon |  19203 |  18031 |   1172 |   4092 |  10952 |  15 | 1280.2 |
          Lair |   7806 |   7467 |    339 |   1794 |   4557 |   5 | 1561.2 |
         Swamp |   4958 |   4776 |    182 |   1334 |   2442 |   4 | 1239.5 |
     Snake Pit |   6706 |   6566 |    140 |   2522 |   3059 |   3 | 2235.3 |
  Orcish Mines |   3751 |   3596 |    155 |   1055 |   1928 |   2 | 1875.5 |
       Ossuary |    627 |    627 |      0 |    197 |    161 |   1 |  627.0 |
               +--------+--------+--------+--------+--------+-----+--------+

Top non-repeatable levels by time:
   Orc:2: 3205 daAuts
 Snake:2: 2760 daAuts
 Snake:3: 2099 daAuts
  Lair:5: 2002 daAuts
     D:8: 1904 daAuts
    D:12: 1896 daAuts
 Swamp:4: 1879 daAuts
 Snake:1: 1846 daAuts
  Lair:4: 1843 daAuts
    D:13: 1733 daAuts
    D:14: 1635 daAuts
    D:15: 1560 daAuts
     D:9: 1474 daAuts
  Lair:2: 1421 daAuts
  Lair:1: 1355 daAuts
